 Dungeon Crawl Stone Soup version 0.20-a0-1117-g62da73f (webtiles) character file.

1095 FrankyJ the Covert (level 8, -2/52 HPs)
             Began as a Vampire Enchanter on May 10, 2017.
             Slain by Grinder (6 damage)
             ... on level 5 of the Dungeon.
             The game lasted 00:31:29 (7583 turns).

FrankyJ the Covert (Vampire Enchanter)              Turns: 7583, Time: 00:31:30

Health: -2/52      AC:  6    Str:  9    XL:     8   Next: 10%
Magic:  5/14       EV: 14    Int: 18    God:
Gold:   306        SH:  0    Dex: 14    Spells: 7/16 levels left

rFire    . . .     SeeInvis +   a - +2 dagger
rCold    . . .     Gourm    .   (no shield)
rNeg     + . .     Faith    .   b - +0 robe
rPois    .         Spirit   .   f - +0 helmet
rElec    .         Reflect  .   (no cloak)
rCorr    .         Harm     .   A - +1 pair of gloves
MR       .....                  s - +0 pair of boots
Stlth    ++++......             (no amulet)
Regen    0.2/turn               (no ring)
MPRegen  0.2/turn               (no ring)

@: about to teleport
A: fangs 3, see invisible, unbreathing
a: Bat Form


You were on level 5 of the Dungeon.
You were not thirsty.

You visited 1 branch of the dungeon, and saw 6 of its levels.

You collected 306 gold pieces.

Inventory:

Hand Weapons
 a - a +2 dagger (weapon)
 C - a +1 dagger of pain
Missiles
 h - 3 tomahawks (quivered)
 o - 3 javelins
Armour
 b - a +0 robe (worn)
 f - a +0 helmet (worn)
 s - a +0 pair of boots (worn)
 A - a +1 pair of gloves (worn)
Jewellery
 e - a cursed ring of loudness {unknown}
 n - an uncursed ring of magical power {unknown}
 B - an uncursed ring of wizardry {unknown}
Wands
 t - a wand of lightning (3/15)
 x - a wand of clouds (6/9)
Scrolls
 g - 5 scrolls of identify
 j - a scroll of enchant weapon
 k - 3 scrolls of magic mapping
 r - a scroll of fog
 u - a scroll of fear
Potions
 d - 5 potions of blood
 i - 4 potions of flight {unknown}
 m - a potion of ambrosia {unknown}
 p - a potion of magic {unknown}
 q - a potion of degeneration {unknown}
 z - 3 potions of brilliance {unknown}
Books
 c - a book of Maledictions

   Spells                             Type                      Level
   a - Corona                         Hexes                        1
   b - Ensorcelled Hibernation        Hexes/Ice                    2
   c - Confuse                        Hexes                        3
   d - Tukima's Dance                 Hexes                        3
   e - Dazzling Spray                 Conjuration/Hexes            3


   Skills:
 - Level 4.0 Short Blades
 - Level 4.0 Dodging
 - Level 10.0 Stealth
 + Level 4.5 Spellcasting
 + Level 5.7 Hexes
 + Level 2.1 Ice Magic


You had 7 spell levels left.
You knew the following spells:

 Your Spells              Type           Power        Failure   Level  Hunger
a - Corona                Hex            ###....      1%          1    None
b - Ensorcelled Hibernat  Hex/Ice        ###...       4%          2    #......
c - Tukima's Dance        Hex            ###.....     3%          3    ###....
d - Dazzling Spray        Conj/Hex       ##....       13%         3    ###....


Dungeon Overview and Level Annotations

Branches:
Dungeon (6/15)
 Temple: D:4-7

Altars:

Annotations:
D:4 Treemains's ghost, amateur MiBe
D:5 Grinder
D:6 Prince Ribbit


Innate Abilities, Weirdness & Mutations

You have razor-sharp teeth.
You have supernaturally acute eyesight. (SInv)
You can survive without breathing.


Message History

Grinder hits you.
* * * LOW HITPOINT WARNING * * *
You writhe in agony.
* * * LOW HITPOINT WARNING * * *
You barely miss Grinder.
Grinder is severely wounded.
Grinder misses you.
You hit Grinder but do no damage.
Grinder is severely wounded.
You hit Grinder.
Grinder is severely wounded.
Grinder hits you.
* * * LOW HITPOINT WARNING * * *
You hit Grinder.
Grinder is almost dead.
Grinder gestures at you.
You struggle to resist.
As you read the scroll of teleportation, it crumbles to dust.
You feel strangely unstable. Grinder hits you.
You die...

#.# #.# #.# #.# ######### #.#
#.# ........# #.############.#
#######.# #.##...........#
#...#.###.##.###########
###...#.##.........########
..#...#.##.......5........#
#.#...#.##......@..######.######
.................>.# #.#....#
##....#.#..........# #.#.##.#
......#.#.########## #.#.#..#
#.....#.#.#### #.#.#.##
#......<.....# #.#.#.#
#............# #########^#.#.#
#.#.%........# #.........#.#.#
#.#..........# #.#########.#.#


You could see Grinder.

Vanquished Creatures
  Edmund (D:6)
  A sky beast (D:5)
  An ice beast (D:5)
  A centaur (D:5)
  A crimson imp (D:5)
  A howler monkey (D:5)
  2 bullfrog zombies
  A hound (D:4)
  A bullfrog skeleton (D:4)
  A centaur skeleton (D:5)
  3 iguanas
  An orc wizard (D:4)
  5 worker ants
  A worker ant zombie (D:5)
  4 gnolls
  11 adders
  An adder skeleton (D:4)
  An adder zombie (D:5)
  3 worms
  2 dart slugs (D:1)
  2 leopard geckos
  8 orcs
  A ball python (D:1)
  4 bats
  4 giant cockroaches
  9 hobgoblins
  11 jackals
  2 quokkas
  5 frilled lizards
  4 goblins
  A jackal skeleton (D:4)
  12 kobolds
  2 quokka skeletons
  5 rats
113 creatures vanquished.

Notes
Turn   | Place    | Note
-------+----------+-------------------------------------------
     0 | D:1      | FrankyJ the Vampire Enchanter began the quest for the Orb.
     0 | D:1      | Reached XP level 1. HP: 13/13 MP: 3/3
   199 | D:1      | Reached XP level 2. HP: 19/19 MP: 3/5
   203 | D:1      | Learned a level 2 spell: Ensorcelled Hibernation
   614 | D:1      | Reached skill level 5 in Stealth
   917 | D:1      | Reached XP level 3. HP: 24/24 MP: 6/6
  1948 | D:2      | Reached XP level 4. HP: 19/30 MP: 6/9
  1966 | D:2      | Learned a level 3 spell: Tukima's Dance
  3574 | D:3      | Learned a level 3 spell: Dazzling Spray
  4074 | D:4      | Noticed Treemains's ghost (amateur MiBe)
  4123 | D:4      | Reached XP level 5. HP: 35/35 MP: 11/11
  4131 | D:4      | Reached skill level 6 in Stealth
  4150 | D:4      | Reached skill level 7 in Stealth
  4261 | D:4      | Reached skill level 8 in Stealth
  4282 | D:4      | Reached XP level 6. HP: 41/41 MP: 0/12
  4816 | D:4      | Reached skill level 9 in Stealth
  4877 | D:5      | Entered Level 5 of the Dungeon
  5694 | D:5      | Reached skill level 10 in Stealth
  6334 | D:6      | Noticed Prince Ribbit
  6468 | D:5      | Reached XP level 7. HP: 46/46 MP: 8/13
  7000 | D:6      | Noticed Edmund
  7001 | D:6      | Killed Edmund
  7001 | D:6      | Reached skill level 5 in Hexes
  7001 | D:6      | Reached skill level 1 in Ice Magic
  7059 | D:6      | Noticed Grinder
  7241 | D:6      | Reached XP level 8. HP: 40/52 MP: 9/14
  7530 | D:6      | Paralysed by Grinder for 7 turns
  7583 | D:5      | Slain by Grinder

Vault maps used:
D:1:      mushboom_english_gardens, hangedman_decor_opposing, minmay_tall_x
D:3:      minmay_three_crescents
D:5:      first_bread, minivault_23, kennysheep_generic_room_6
D:6:      chequers_temple_overflow_statue_of_worship, uniq_eustachio,
          uniq_edmund, uniq_grinder, uniq_prince_ribbit1, uniq_pikel

Skill      XL: |  1  2  3  4  5  6  7  8 |
---------------+-------------------------+-----
Short Blades   | 2 4 |  4.0
Stealth        | 5 8 10 | 10.0
Spellcasting   | 3 4 |  4.5
Dodging        | 4 |  4.0
Hexes          | 5 |  5.7
Ice Magic      | 1 2 |  2.1

Action                   |  1- 3 |  4- 6 |  7- 9 || total
-------------------------+-------+-------+-------++-------
Melee: Dagger            |   121 |   189 |    63 ||   373
       Bite              |     6 |    10 |    11 ||    27
 Cast: Corona            |    18 |    28 |    12 ||    58
       Ensorcelled Hiber |    10 |    52 |    11 ||    73
       Tukima's Dance    |       |       |     3 ||     3
  Use: Potion            |     3 |     8 |     8 ||    19
       Scroll            |       |     7 |     6 ||    13
 Stab: Sleeping          |    15 |    46 |    11 ||    72
       Distracted        |     1 |     1 |       ||     2
Armor: Robe              |    10 |    31 |     8 ||    49
Dodge: Dodged            |    73 |   125 |    39 ||   237
